 Dungeon Crawl Stone Soup version bcrawl-1.21.2-20-g6d45ba5942 (webtiles) character file.

Game seed: 18018216363155914215

215 MisterOstroum the Cudgeler (level 5, -3/53 HPs)
             Began as an Ogre Archaeologist on Feb 26, 2020.
             Was a Believer of Cheibriados.
             Slain by a gnoll
             ... wielding a +0 spear
              (5 damage)
             ... on level 3 of the Dungeon.
             The game lasted 00:04:22 (3253 turns).

MisterOstroum the Cudgeler (Ogre Archaeologist)     Turns: 3253, Time: 00:04:22

Health: -3/53      AC:  5    Str: 20    XL:     5   Next: 92%
Magic:  5/5        EV: 16    Int: 19    God:    Cheibriados [**....]
Gold:   136        SH:  0    Dex: 16    Spells: 4/4 levels left

rFire    . . .     SeeInvis .   a - +0 whip
rCold    . . .     Gourm    .   (no shield)
rNeg     . . .     Faith    .   k - +1 robe
rPois    .         Spirit   .   c - +1 hat
rElec    .         Reflect  .   (no cloak)
rCorr    .         Harm     .   (gloves unavailable)
MR       .....                  (boots unavailable)
Stlth    +++.......             (no amulet)
HPRegen  0.17/turn              (no ring)
MPRegen  0.09/turn              (no ring)

@: agile, very slow
A: large, unfitting armour, tough skin 1
a: Bend Time, Renounce Religion


You were on level 3 of the Dungeon.
You worshipped Cheibriados.
Cheibriados was pleased with you.
You were not hungry.

You visited 1 branch of the dungeon, and saw 3 of its levels.

You collected 136 gold pieces.

Inventory:

Hand Weapons
 a - a +0 whip (weapon)
 b - a +0 hunting sling
 h - a +0 flail
Missiles
 j - 576 stones (quivered)
 p - 67 poisoned needles
 s - 113 arrows
 x - 179 sling bullets
Armour
 c - a +1 hat (worn)
 d - a +1 robe
 k - a +1 robe (worn)
Jewellery
 r - an uncursed ring of protection from cold {unknown}
 v - a +3 ring of intelligence {unknown}
Scrolls
 f - a scroll of acquirement
 g - a scroll of magic mapping {@r5 !r}
 i - 2 scrolls of remove curse {unknown}
 m - a scroll of enchant armour {unknown}
 q - a scroll of blinking {unknown}
 u - 2 scrolls of identify {unknown}
Potions
 l - a potion of berserk rage {unknown}
 n - a potion of agility {@q5 !q}
 o - a potion of might {unknown}
Comestibles
 e - 5 rations {!d}
 w - 4 chunks of flesh


   Skills:
 - Level 3.1 Fighting
 - Level 3.4 Maces & Flails
 + Level 2.3 Slings
 - Level 3.0 Dodging
 - Level 3.0 Stealth


You had 4 spell levels left.
You didn't know any spells.
Your spell library contained the following spells:

 Spells                   Type           Power        Failure   Level  Hunger
 Summon Small Mammal      Summ           #...         21%         1    ##.....
 Call Imp                 Summ           #.....       30%         2    ###....
 Call Canine Familiar     Summ           #.......     52%         3    ####...
 Summon Ice Beast         Ice/Summ       #.......     90%         4    #####..
 Summon Lightning Spire   Summ/Air       #.......     99%         5    ######.


Dungeon Overview and Level Annotations

Branches:
Dungeon (3/12)

Altars:
Ashenzari
Cheibriados
Elyvilon


Innate Abilities, Weirdness & Mutations

You are too large for most types of armour.
You have tough skin. (AC +1)


Message History

The jackal barely misses you.
You closely miss the jackal.
The jackal is almost dead.
The jackal barely misses you.
You barely miss the jackal.
The jackal is almost dead.
The jackal bites you but does no damage.
You barely miss the jackal.
The jackal is almost dead.
The jackal closely misses you.
The jackal bites you but does no damage.
You barely miss the jackal.
The jackal is almost dead.
The jackal bites you but does no damage.
You hit the jackal.
You kill the jackal!
Cheibriados appreciates the change of pace.
You hit the jackal.
The jackal is lightly wounded.
The jackal bites you.
You are feeling hungry.
You hit the jackal but do no damage.
The jackal is lightly wounded.
The jackal bites you but does no damage. x2
You hit the jackal.
You kill the jackal!
Cheibriados thoroughly appreciates the change of pace.
You hit the orc.
The orc is heavily wounded.
You hit the orc.
The orc is heavily wounded.
The orc misses you.
You hit the orc but do no damage.
The orc is heavily wounded.
The orc hits you with a +0 falchion.
* * * LOW HITPOINT WARNING * * *
You hit the orc.
You kill the orc!
Cheibriados appreciates the change of pace.
Things that are here:
a +0 falchion; a +0 ring mail You see here an adder skeleton.
Wield which item (- for none, * to show all)? (? for menu, Esc to quit)
b - a +0 hunting sling (weapon)
Eating one of 5 chunks of flesh.
You eat one of the 5 chunks of flesh.
This raw flesh tastes terrible.
The gnoll is too close now for your liking.
A gnoll is nearby!
The gnoll shouts!
You hear a shout!
Things that are here:
a +0 falchion; a +0 ring mail The gnoll barely misses you.
Wield which item (- for none, * to show all)? (? for menu, Esc to quit)
a - a +0 whip (weapon)
You hit the gnoll but do no damage. The gnoll hits you with a +0 hand axe.
You hit the gnoll.
The gnoll is heavily wounded.
The gnoll barely misses you.
You hit the gnoll but do no damage.
The gnoll is heavily wounded.
The gnoll hits you with a +0 hand axe.
You hit the gnoll but do no damage.
The gnoll is heavily wounded.
The gnoll hits you with a +0 hand axe.
You hit the gnoll.
The gnoll is severely wounded.
The gnoll hits you but does no damage.
You hit the gnoll.
The gnoll is severely wounded.
The gnoll hits you with a +0 hand axe.
You whack the gnoll!
You kill the gnoll!
Cheibriados thoroughly appreciates the change of pace.
You hit the gnoll.
The gnoll is moderately wounded.
The gnoll barely misses you.
You hit the gnoll.
The gnoll is heavily wounded.
You barely miss the gnoll.
The gnoll is heavily wounded.
The gnoll closely misses you.
You hit the gnoll.
The gnoll is severely wounded.
The gnoll hits you with a +0 halberd.
* * * LOW HITPOINT WARNING * * *
You hit the gnoll.
You kill the gnoll!
Cheibriados thoroughly appreciates the change of pace.
The gnoll hits you with a +0 spear!
* * * LOW HITPOINT WARNING * * *
The gnoll barely misses you.
Items here: $ )) † a +0 halberd; a +0 hand axe; 22 gold pieces; a gnoll corpse You hit the gnoll but do no damage.
The gnoll hits you with a +0 spear.
* * * LOW HITPOINT WARNING * * *
You barely miss the gnoll. The gnoll closely misses you.
It was a potion of agility.
You feel agile all of a sudden. The gnoll hits you with a +0 spear.
You die...

..#.(.. #.#... ###.#.. ....(
.. ######### #.)###'#########
.)......##+####...gg..........
..............#)..............
.......÷......#...............
######.......@#...............
#.......#g....#..........
###.....#.÷...#.....÷....
#.....##...##..........
#......#...#...........
#......##.##...........
####....#.#....###.....
#..###.####+.###.......
##....###...###.........


You could see a gnoll.

Vanquished Creatures
  An orc priest (D:3)
  9 gnolls
  3 adders (D:3)
  A worm (D:2)
  4 dart slugs
  5 leopard geckos
  3 orcs (D:3)
  2 giant cockroaches
  6 hobgoblins
  5 jackals
  A quokka (D:3)
  A ball python (D:1)
  4 bats
  2 frilled lizards
  3 goblins
  5 kobolds
  4 rats (D:1)
59 creatures vanquished.

Notes
Turn   | Place    | Note
-------+----------+-------------------------------------------
     0 | D:1      | MisterOstroum the Ogre Archaeologist began the quest for
                  | the Orb.
     0 | D:1      | Reached XP level 1. HP: 19/19 MP: 1/1
   198 | D:1      | Reached XP level 2. HP: 27/27 MP: 2/2
  1061 | D:2      | Reached XP level 3. HP: 32/33 MP: 3/3
  1639 | D:2      | Found a faded altar of an unknown god.
  1648 | D:2      | Became a worshipper of Cheibriados the Contemplative
  1648 | D:2      | Reached * piety under Cheibriados
  1685 | D:2      | Found a white marble altar of Elyvilon.
  2058 | D:3      | Reached XP level 4. HP: 21/44 MP: 4/4
  2927 | D:3      | Reached skill level 1 in Slings
  2927 | D:3      | Reached XP level 5. HP: 52/53 MP: 5/5
  2927 | D:3      | Identified a scroll of acquirement
  2937 | D:3      | Found a shattered altar of Ashenzari.
  3097 | D:3      | Reached ** piety under Cheibriados
  3251 | D:3      | HP: 2/53 [gnoll/+0 spear (3)]
  3253 | D:3      | Slain by a gnoll

Skill      XL: |  1  2  3  4  5 |
---------------+----------------+-----
Maces & Flails | 2 3 |  3.4
Stealth        | 3 |  3.0
Fighting       | 2 3 |  3.1
Dodging        | 3 |  3.0
Slings         | 1 2 |  2.3

Action                   |  1- 3 |  4- 6 || total
-------------------------+-------+-------++-------
Melee: Whip              |   150 |    85 ||   235
 Fire: Hunting sling     |    35 |    74 ||   109
Throw: Stone             |     5 |       ||     5
       Throwing net      |       |     1 ||     1
Invok: Bend Time         |       |     1 ||     1
  Use: Potion            |       |     1 ||     1
  Eat: Chunk             |     3 |     2 ||     5
Armor: Robe              |    53 |    29 ||    82
Dodge: Dodged            |    88 |    56 ||   144
